 Dungeon Crawl Stone Soup version 0.29.0-4-gdea44cf6ec (webtiles) character file.

Game seed: 17687191592243861230

45 qw the Chopper (level 3, 0/21 HPs)
             Began as a Tengu Warper on Aug 28, 2022.
             Succumbed to an adder's poison
             ... on level 2 of the Dungeon.
             The game lasted 00:00:10 (1239 turns).

qw the Chopper (Tengu Warper)                       Turns: 1239, Time: 00:00:11

Health: 0/21       AC:  3    Str: 13    XL:     3   Next: 64%
Magic:  7/7        EV: 12    Int: 13    God:
Gold:   52         SH:  0    Dex: 13    Spells: 6/6 levels left

rFire   . . .      SeeInvis .   Y - +0 hand axe
rCold   . . .      Faith    .   (no shield)
rNeg    . . .      Spirit   .   b - +0 leather armour
rPois   .          Reflect  .   (helmet restricted)
rElec   .          Harm     .   (no cloak)
rCorr   +          Rampage  .   (no gloves)
Will    .....                   (boots unavailable)
Stlth   +.........              (no amulet)
HPRegen 0.07/turn               f - ring of resist corrosion
MPRegen 0.10/turn               (no ring)

@: lethally poisoned (0 -> -3)
A: beak, talons 3
a: no special abilities


You were on level 2 of the Dungeon.
You visited 1 branch of the dungeon, and saw 2 of its levels.

You collected 52 gold pieces.


Innate Abilities, Weirdness & Mutations

You have a beak for a mouth.
You have claws for feet.


   Skills:
 - Level 2.0 Fighting
 + Level 4.3 Axes
 - Level 1.0 Throwing
 - Level 1.1 Armour
 - Level 2.1 Dodging
 - Level 2.0 Spellcasting
 - Level 2.4 Translocations


You had 6 spell levels left.
You didn't know any spells.
Your spell library contained the following spells:

 Spells                   Type           Power      Damage    Failure   Level
 Blink                    Tloc           14%        N/A       19%         2
 Gell's Gravitas          Tloc           7%         N/A       36%         3
 Lesser Beckoning         Tloc           7%         N/A       36%         3
 Teleport Other           Tloc           7%         N/A       36%         3
 Manifold Assault         Tloc           7%         N/A       98%         5

Inventory:

Hand Weapons
 g - a +0 mace
 Y - a +0 hand axe (weapon)
Armour
 b - a +0 leather armour (worn)
Jewellery
 f - a ring of resist corrosion (left hand)
Potions
 d - a potion of magic {unknown}
 e - a potion of invisibility {unknown}

Dungeon Overview and Level Annotations

Branches:
Dungeon (2/15)

Altars:

Shops:
D:2 *


Message History

There is an entrance to Ifyha's General Store here.
1226 ||| SHOPLISTING scroll of enchant armour (82 gold, have 52).
You can access your shopping list by pressing '$'.
1226 ||| Stepping ~*~*~tactically~*~*~ (stealth).
1227 ||| Stepping ~*~*~tactically~*~*~ (stealth).
The adder closely misses you.
You barely miss the adder. You peck the adder.
The adder is lightly wounded.
The adder bites you.
You barely miss the adder.
The adder is lightly wounded.
The adder bites you.
You are poisoned.
The adder poisons you!
You barely miss the adder.
The adder is lightly wounded.
You feel sick. The adder completely misses you. The adder bites you.
You barely miss the adder.
The adder is lightly wounded.
You feel sick. The adder bites you.
You are more poisoned.
The adder poisons you!
You barely miss the adder. You claw the adder.
The adder is heavily wounded.
You feel sick. The adder barely misses you.
You hit the adder but do no damage. Your kick misses the adder.
The adder is heavily wounded.
You feel sick. The adder misses you. The adder closely misses you.
You completely miss the adder.
The adder is heavily wounded.
You feel sick. The adder misses you.
You barely miss the adder. You peck the adder.
The adder is heavily wounded.
You feel sick. The adder misses you. The adder closely misses you.
You miss the adder. You claw the adder. You peck the adder, but do no damage.
The adder is severely wounded.
You feel sick. The adder bites you.
You barely miss the adder. Your peck misses the adder.
The adder is severely wounded.
You die...

#.....### .... #........
....... #####.###
....... #..# .......
#.## ....... #.#
.......# #### ###.#
........#...# ###...####
.g.....#@#..# #.........
...$.#S..#.####.........
#..\..##............
#.#...#..............
#..#.#...............
#...#................
##....##.............
#....##....###......
#....##....##....#.#


You could see an adder.

Vanquished Creatures
  2 dart slugs (D:1)
  4 ball pythons (D:1)
  An endoplasm (D:1)
  A giant cockroach (D:1)
  2 goblins (D:1)
  6 hobgoblins
  4 jackals (D:1)
  6 kobolds (D:1)
  A quokka (D:1)
  4 bats
  4 frilled lizards (D:1)
  2 rats (D:1)
37 creatures vanquished.

Notes
Turn   | Place    | Note
-------+----------+-------------------------------------------
     0 | D:1      | qw the Tengu Warper began the quest for the Orb.
     0 | D:1      | Reached XP level 1. HP: 12/12 MP: 4/4
     0 | D:1      | 0 ||| qw: Version: 0.1-a-89-g26bdef1
     0 | D:1      | 0 ||| qw: Game counter: 943
     0 | D:1      | 0 ||| qw: Always use a shield: true
     0 | D:1      | 0 ||| qw: God list: Okawaru
     0 | D:1      | 0 ||| qw: Allow faded altars: false
     0 | D:1      | 0 ||| qw: Do Orc after D:15 true
     0 | D:1      | 0 ||| qw: Do second Lair branch before Depths: true
     0 | D:1      | 0 ||| qw: Lair rune preference: random
     0 | D:1      | 0 ||| qw: Plans: Normal
     0 | D:1      | 0 ||| PLANNING D:1-11
   173 | D:1      | Reached skill level 3 in Axes
   173 | D:1      | Reached XP level 2. HP: 14/17 MP: 6/6
   313 | D:1      | 313 ||| DROPPING +0 club.
   398 | D:1      | 398 ||| Stepping ~*~*~tactically~*~*~ (stealth).
   477 | D:1      | Reached XP level 3. HP: 9/21 MP: 7/7
   498 | D:1      | 498 ||| Stepping ~*~*~tactically~*~*~ (stealth).
   500 | D:1      | 500 ||| Stepping ~*~*~tactically~*~*~ (stealth).
   502 | D:1      | 502 ||| Stepping ~*~*~tactically~*~*~ (stealth).
   507 | D:1      | 507 ||| Stepping ~*~*~tactically~*~*~ (stealth).
   508 | D:1      | 508 ||| Stepping ~*~*~tactically~*~*~ (stealth).
   737 | D:1      | 737 ||| Stepping ~*~*~tactically~*~*~ (stealth).
   742 | D:1      | 742 ||| Stepping ~*~*~tactically~*~*~ (hiding).
   825 | D:1      | Reached skill level 4 in Axes
   847 | D:1      | 847 ||| Stepping ~*~*~tactically~*~*~ (stealth).
  1108 | D:1      | 1108 ||| UPGRADING to ring of resist corrosion.
  1109 | D:1      | 1109 ||| READING scroll labelled DESATWU UMAINI.
  1110 | D:1      | 1110 ||| READING scroll labelled VAICICR WENOAS.
  1113 | D:1      | 1113 ||| DROPPING scroll of blinking.
  1212 | D:2      | Found Ifyha's General Store.
  1226 | D:2      | 1226 ||| SHOPLISTING scroll of enchant armour (82 gold,
                  | have 52).
  1226 | D:2      | 1226 ||| Stepping ~*~*~tactically~*~*~ (stealth).
  1227 | D:2      | 1227 ||| Stepping ~*~*~tactically~*~*~ (stealth).
  1237 | D:2      | HP: 5/21 [poisoned by an adder]
  1238 | D:2      | HP: 1/21 [adder (3)]
  1239 | D:2      | Succumbed to an adder's poison

Levels and vault maps discovered:
D:1:      wheals_arrival_shading, layout_loops_ring, serial_bayou_pond_d
D:2:      layout_basic, serial_shops, nicolae_shop_hallway_stairs,
          nicolae_diamond_shop, nicolae_shop_advertising_works
          [nicolae_subvault_shop_adworks], nicolae_shop_statue_plus,
          hellmonk_ecumenical_altar_heavens_door, nicolae_figureground_sparkle

Skill      XL: |  1  2  3 |
---------------+----------+-----
Axes           | 3 4 |  4.3
Fighting       | |  2.0
Throwing       | |  1.0
Armour         | |  1.1
Dodging        | |  2.1
Spellcasting   | |  2.0
Translocations | |  2.4

Action                   || total
-------------------------++-------
Melee: Hand axe          ||   101
       Kick              ||    20
       Peck              ||    14
       Punch             ||     2
Throw: Boomerang         ||     7
  Use: Scroll            ||     2
Armor: Leather armour    ||    29
Dodge: Dodged            ||    77

Table legend:
 A = Non-vault XP
 B = Vault XP
 C = Vault XP percentage of total XP
 D = Non-vault monster count
 E = Vault monster count
 F = Vault count percentage of total count
                 A         B        C        D         E       F
            +---------+---------+-------+---------+---------+-------
      Total |      65 |       0 |   0.0 |      37 |       0 |   0.0
            +---------+---------+-------+---------+---------+-------
        D:1 |      62 |       0 |   0.0 |      35 |       0 |   0.0
        D:2 |       3 |       0 |   0.0 |       2 |       0 |   0.0
            +---------+---------+-------+---------+---------+-------
